 Dungeon Crawl Stone Soup version 0.20.1-1-g8b1a95d (console) character file.

1705 hilaritas the Basher (level 9, 0/51 HPs)
             Began as a Gargoyle Fighter on Nov 12, 2017.
             Was an Initiate of Okawaru.
             Slain by a killer bee (5 damage)
             ... on level 9 of the Dungeon.
             The game lasted 00:13:29 (5732 turns).

hilaritas the Basher (Gargoyle Fighter)             Turns: 5732, Time: 00:13:29

Health: 0/51       AC: 14    Str: 23    XL:     9   Next: 3%
Magic:  10/10      EV:  8    Int: 11    God:    Okawaru [......]
Gold:   183        SH: 10    Dex: 12    Spells: 8/8 levels left

rFire    . . .     SeeInvis .   a - +1 flail
rCold    . . .     Gourm    .   c - +0 shield
rNeg     + + .     Faith    .   b - +0 scale mail
rPois    ∞         Spirit   .   (no helmet)
rElec    +         Reflect  .   q - +0 cloak
rCorr    .         Harm     .   k - +0 pair of gloves
MR       .....                  (no boots)
Stlth    ..........             (no amulet)
Regen    0.6/turn               l - +3 ring of dexterity
MPRegen  0.2/turn               w - ring of positive energy

@: no status effects
A: clever 1, negative energy resistance 1, regeneration 1, screaming 1,
electricity resistance, unbreathing, petrification resistance, rot immunity, AC
+5
a: Renounce Religion


You were on level 9 of the Dungeon.
You worshipped Okawaru.
Okawaru was noncommittal.
You were very hungry.

You visited 1 branch of the dungeon, and saw 7 of its levels.

You collected 183 gold pieces.

Inventory:

Hand Weapons
 a - a +1 flail (weapon)
Armour
 b - a +0 scale mail (worn)
 c - a +0 shield (worn)
 k - a +0 pair of gloves (worn)
 q - a +0 cloak (worn)
 t - a +0 helmet
Jewellery
 l - a +3 ring of dexterity (left hand)
 w - a ring of positive energy (right hand)
Wands
 p - a wand of flame (0/48)
Scrolls
 g - 5 scrolls of identify
 h - 2 scrolls of magic mapping
 o - a scroll of fog
 s - a scroll of teleportation
 v - a scroll of amnesia
Potions
 d - a potion of heal wounds
 e - a potion of flight {unknown}
 i - 2 potions of resistance
 j - 2 potions of agility {unknown}
 m - 2 potions of might
 n - 3 potions of curing
 x - a potion of degeneration {unknown}
 z - a potion of magic {unknown}
Books
 u - a book of Minor Magic

   Spells                             Type                      Level
   a - Magic Dart                     Conjuration                  1
   b - Blink                          Translocation                2
   c - Call Imp                       Summoning                    2
   d - Slow                           Hexes                        2
   e - Conjure Flame                  Conjuration/Fire             3
   f - Mephitic Cloud                 Conjuration/Poison/Air       3
Comestibles
 f - 3 bread rations
 r - 2 meat rations


   Skills:
 * Level 3.2 Fighting
 - Level 10.0 Maces & Flails
 + Level 3.2 Armour
 + Level 6.3 Shields
 * Level 1.9 Invocations


You had 8 spell levels left.
You didn't know any spells.

Dungeon Overview and Level Annotations

Branches:
Dungeon (6/15)
 Temple: D:4-7

Altars:
Ashenzari
Cheibriados
Dithmenos
Fedhas
Gozag
Hepliaklqana
Kikubaaqudgha
Makhleb
Okawaru
Vehumet
Yredelemnul
The Shining One


Innate Abilities, Weirdness & Mutations

You are resistant to torment.
Your stone body is resilient. (AC +5)
You are immune to poison.
You resist negative energy. (rN+)
You are resistant to electric shocks. (rElec)
You can survive without breathing.
You are immune to petrification.
You are immune to rotting.
Your mind is acute. (Int +2)
Your natural rate of healing is unusually fast.
You occasionally shout uncontrollably at your foes.


Message History

You block the killer bee's attack. The killer bee stings you.
* * * LOW HITPOINT WARNING * * *
You block the killer bee's attack.
The killer bee stings you but does no damage.
The killer bee barely misses you. You block the killer bee's attack.
You block the killer bee's attack. The killer bee closely misses you.
You block the killer bee's attack. The killer bee stings you.
* * * LOW HITPOINT WARNING * * *
A crimson imp comes into view.
The crimson imp shouts!
The killer bee stings you but does no damage.
The crimson imp summons a swarm of flies.
You block the killer bee's attack. The killer bee stings you.
* * * LOW HITPOINT WARNING * * *
The killer bee closely misses you. The killer bee stings you.
You die...

...........###.
.........##.(..
..........##...
...........##..
#####............##.
#...#.........T...##
#...#..........O...#
#...##########......
####........OT.O.y.....
#......y.##############
#.....@y.# ......
#......5.# ##.....#
#........# #.....##
#........# #....##.
#........# #...##..
#........#######..##...
#................##....
###..............#.....
..........##..
########.....#
#......#..####


You could see 2 killer bees and a crimson imp.

Vanquished Creatures
  The ghost of Zentaure the Cleaver, a novice MiBe of Trog (D:5)
  The ghost of Ymberto the Skirmisher, an amateur HuHu (D:3)
  Sigmund (D:3)
  A water moccasin (D:5)
  An ice beast (D:5)
  Blork the orc (D:6)
  6 killer bees (D:9)
  2 howler monkeys
  A crimson imp (D:5)
  A centaur skeleton (D:5)
  2 orc wizards
  Jessica (D:3)
  2 worker ants
  A hound zombie (D:5)
  A howler monkey skeleton (D:4)
  A worker ant zombie (D:5)
  Robin (D:4)
  6 adders
  2 shadow imps
  An ooze (D:5)
  An adder skeleton (D:9)
  A worm (D:3)
  3 dart slugs
  6 leopard geckos
  7 orcs
  6 bats
  5 giant cockroaches
  19 goblins
  8 hobgoblins
  6 jackals (D:4)
  6 kobolds
  A quokka (D:4)
  4 ball pythons
  4 frilled lizards
  A leopard gecko skeleton (D:5)
  A quokka zombie (D:5)
  8 rats
121 creatures vanquished.

Notes
Turn   | Place    | Note
-------+----------+-------------------------------------------
     0 | D:1      | hilaritas the Gargoyle Fighter began the quest for the Orb.
     0 | D:1      | Reached XP level 1. HP: 14/14 MP: 1/1
   128 | D:1      | Reached XP level 2. HP: 19/19 MP: 2/2
   970 | D:2      | Reached skill level 3 in Maces & Flails
   970 | D:2      | Reached XP level 3. HP: 22/23 MP: 3/3
  1616 | D:2      | Found an opulent altar of Gozag.
  1719 | D:2      | Reached XP level 4. HP: 28/28 MP: 4/4
  1929 | D:3      | Noticed Jessica
  1943 | D:3      | Killed Jessica
  1943 | D:3      | Reached skill level 4 in Maces & Flails
  2207 | D:3      | Noticed Sigmund
  2239 | D:3      | Killed Sigmund
  2239 | D:3      | Reached skill level 5 in Maces & Flails
  2239 | D:3      | Reached XP level 5. HP: 12/32 MP: 5/5
  2239 | D:3      | Reached XP level 6. HP: 14/37 MP: 6/6
  2496 | D:3      | Reached skill level 6 in Maces & Flails
  2876 | D:3      | Noticed Ymberto's ghost (amateur HuHu)
  2898 | D:3      | Killed Ymberto's ghost
  2898 | D:3      | Reached XP level 7. HP: 34/41 MP: 7/7
  2911 | D:3      | Reached skill level 7 in Maces & Flails
  3031 | D:3      | You fall through a shaft for 2 floors!
  3031 | D:5      | Entered Level 5 of the Dungeon
  3032 | D:5      | Noticed Zentaure's ghost (novice MiBe)
  3094 | D:5      | Gained mutation: You are dopey. (Int -2) [potion of mutation]
  3094 | D:5      | Gained mutation: You have large cloven feet. [potion of mutation]
  3105 | D:5      | Killed Zentaure's ghost
  3105 | D:5      | Reached skill level 8 in Maces & Flails
  3105 | D:5      | Reached skill level 5 in Shields
  3105 | D:5      | Reached XP level 8. HP: 20/46 MP: 8/8
  3424 | D:4      | Got a fine scarf
  3550 | D:3      | Identified the scarf of the Orb Guardian {Stlth+} (You found it on level 4 of the Dungeon)
  4019 | D:4      | Lost mutation: You have large cloven feet. [potion of mutation]
  4019 | D:4      | Lost mutation: You are dopey. (Int -2) [potion of mutation]
  4019 | D:4      | Gained mutation: You occasionally shout uncontrollably at your foes. [potion of mutation]
  4019 | D:4      | Gained mutation: You have a pair of small antennae on your head. [potion of mutation]
  4019 | D:4      | Gained mutation: You are agile. (Dex +2) [potion of mutation]
  4020 | D:4      | Lost mutation: You are agile. (Dex +2) [potion of mutation]
  4020 | D:4      | Lost mutation: You have a pair of small antennae on your head. [potion of mutation]
  4020 | D:4      | Gained mutation: Your natural rate of healing is unusually fast. [potion of mutation]
  4020 | D:4      | Gained mutation: Your mind is acute. (Int +2) [potion of mutation]
  4073 | D:4      | Reached skill level 9 in Maces & Flails
  4117 | D:4      | Noticed Robin
  4150 | D:4      | Killed Robin
  4223 | D:4      | Found an iron altar of Okawaru.
  4225 | D:4      | Found a hazy altar of Hepliaklqana.
  4227 | D:4      | Found an ancient bone altar of Kikubaaqudgha.
  4227 | D:4      | Found a snail-covered altar of Cheibriados.
  4227 | D:4      | Found a glowing golden altar of the Shining One.
  4227 | D:4      | Found a basalt altar of Yredelemnul.
  4227 | D:4      | Found a blossoming altar of Fedhas.
  4228 | D:4      | Found a shadowy altar of Dithmenos.
  4231 | D:4      | Became a worshipper of Warmaster Okawaru
  5194 | D:5      | Found a radiant altar of Vehumet.
  5209 | D:5      | Found a burning altar of Makhleb.
  5459 | D:6      | Noticed Blork the orc
  5473 | D:6      | Killed Blork the orc
  5473 | D:6      | Reached skill level 1 in Invocations
  5484 | D:6      | You fall through a shaft for 3 floors!
  5484 | D:9      | Noticed a queen bee
  5625 | D:9      | Reached XP level 9. HP: 40/51 MP: 10/10
  5676 | D:9      | Reached skill level 10 in Maces & Flails
  5697 | D:9      | Found a shattered altar of Ashenzari.
  5709 | D:9      | Noticed a troll
  5711 | D:9      | Noticed a two-headed ogre
  5721 | D:9      | HP: 1/51 [killer bee (2)]
  5732 | D:9      | Slain by a killer bee

Skill      XL: |  1  2  3  4  5  6  7  8  9 |
---------------+----------------------------+-----
Maces & Flails | 3 5 6 8 9 10 | 10.0
Shields        | 4 5 6 |  6.3
Invocations    | 1 |  1.9
Fighting       | |  3.2
Armour         | |  3.2

Action                   |  1- 3 |  4- 6 |  7- 9 || total
-------------------------+-------+-------+-------++-------
Melee: Flail             |   129 |   129 |   324 ||   582
       Kick              |       |       |    12 ||    12
  Use: Potion            |       |     1 |     8 ||     9
       Scroll            |       |       |    10 ||    10
  Eat: Chunk             |     2 |     5 |     6 ||    13
       Royal jelly       |       |       |     1 ||     1
Armor: Scale mail        |    59 |    77 |   203 ||   339
       Skin              |       |       |    18 ||    18
Dodge: Dodged            |    35 |    36 |   162 ||   233
Block: Shield            |    66 |    46 |   256 ||   368
